 Dungeon Crawl Stone Soup version 0.27-a0-1502-g47ed6a6988 (webtiles) character file.

Game seed: 12030571575891429526

858 funkygono the Cudgeller (level 8, -2/48 HPs)
             Began as a Gargoyle Fighter on July 9, 2021.
             Slain by an orc warrior (7 damage)
             ... on level 4 of the Dungeon.
             The game lasted 00:07:20 (3832 turns).

funkygono the Cudgeller (Gargoyle Fighter)          Turns: 3832, Time: 00:07:22

Health: -2/48      AC: 17    Str: 23    XL:     8   Next: 2%
Magic:  17/17      EV:  8    Int:  8    God:
Gold:   107        SH: 10    Dex: 15    Spells: 7/7 levels left

rFire    . . .     SeeInvis .   a - +0 flail (venom)
rCold    + . .     Faith    .   c - +0 kite shield
rNeg     + . .     Spirit   .   j - +3 scale mail {rC+}
rPois    ∞         Reflect  .   (no helmet)
rElec    +         Harm     .   m - +0 cloak
rCorr    .         Rampage  .   (no gloves)
Will     .....                  (no boots)
Stlth    ..........             (no amulet)
HPRegen  0.16/turn              e - ring of magical power
MPRegen  0.15/turn              o - +6 ring of dexterity

@: no status effects
A: sickness immunity, AC +5, negative energy resistance 1, electricity
resistance, torment resistance 1, petrification resistance
a: no special abilities


You were on level 4 of the Dungeon.
You visited 1 branch of the dungeon, and saw 4 of its levels.

You collected 107 gold pieces.

Inventory:

Hand Weapons
 a - a +0 flail of venom (weapon)
 l - a +3 quarterstaff of chaos
 p - a +4 flail of protection
Missiles
 f - 64 stones (quivered)
Armour
 b - a +0 scale mail
 c - a +0 kite shield (worn)
 j - a +3 scale mail of cold resistance (worn)
 m - a +0 cloak (worn)
Jewellery
 e - a ring of magical power (left hand)
 o - a +6 ring of dexterity (right hand)
Wands
 n - a wand of flame (14)
Potions
 d - a potion of might
 g - 2 potions of resistance
 h - a potion of degeneration {unknown}
 i - a potion of ambrosia {unknown}
 k - a potion of curing


   Skills:
 + Level 4.3 Fighting
 + Level 5.3 Maces & Flails
 + Level 2.6 Throwing
 + Level 5.3 Armour
 + Level 1.8 Dodging
 + Level 5.2 Shields


You had 7 spell levels left.
You didn't know any spells.
Your spell library was empty.

Dungeon Overview and Level Annotations

Branches:
Dungeon (4/15)
 Temple: D:4-7

Altars:
Uskayaw

Shops:
D:2 [   D:4 =


Innate Abilities, Weirdness & Mutations

You are immune to sickness and miasma.
Your stone body is resilient. (AC +5)
You are immune to poison.
You resist negative energy. (rN+)
You are resistant to electric shocks. (rElec)
You are resistant to unholy torment.
You are immune to petrification.


Message History

You have reached level 8!
You feel stronger.
You hit the orc warrior.
The orc warrior is poisoned.
The orc warrior is lightly wounded.
The orc warrior hits you but does no damage.
You block the orc warrior's attack.
You hit the orc warrior but do no damage.
The orc warrior looks even sicker.
The orc warrior is lightly wounded.
The orc warrior barely misses you.
You closely miss the orc warrior.
The orc warrior is lightly wounded.
You block the orc warrior's attack.
You completely miss the orc warrior.
The orc warrior is lightly wounded.
You block the orc warrior's attack. The orc warrior closely misses you.
You barely miss the orc warrior.
The orc warrior is moderately wounded.
The orc warrior hits you but does no damage.
You block the orc warrior's attack.
The orc warrior hits you from afar with a +0 glaive!
* * * LOW HITPOINT WARNING * * *
You sock the orc warrior!
The orc warrior looks as sick as possible!
The orc warrior is severely wounded.
The orc warrior hits you with a +0 short sword.
* * * LOW HITPOINT WARNING * * *
The orc warrior hits you but does no damage.
You hit the orc warrior but do no damage.
The orc warrior looks as sick as possible!
The orc warrior is severely wounded.
You block the orc warrior's attack. The orc warrior barely misses you.
The orc warrior hits you but does no damage.
You hit the orc warrior but do no damage.
The orc warrior looks as sick as possible!
The orc warrior is almost dead.
The orc warrior hits you from afar with a +0 glaive.
* * * LOW HITPOINT WARNING * * *
The orc warrior hits you with a +0 short sword!
You die...

.........................>##
#.....[..............###....
≈≈.≈..##############†###.....#
≈≈≈≈≈.# #...........#
≈≈≈≈≈.###### #...........
≈≈≈≈.......# #..........
≈≈.≈≈#####..# #........##
≈≈.≈.# ####o.......####
≈≈≈≈≈## #.@on...........
≈≈≈≈............##.....#.#.#
≈≈≈...#.......## #####.#.#.#
≈≈≈≈......... .(# #
≈≈.≈..#..... ..#. ≈≈≈≈.##....
... ## ≈≈.≈.# . #... ≈≈.≈≈#
#(.. ≈≈≈.≈# #(..


You could see 2 orc warriors and a necrophage.

Vanquished Creatures
  Sigmund (D:3)
  Edmund (D:4)
  A black bear (D:4)
  A necrophage (D:4)
  A bullfrog (D:3)
  Crazy Yiuf (D:2)
  An orc wizard (D:4)
  Terence (D:2)
  Jessica (D:3)
  An iguana (D:4)
  Natasha (thrice) (D:2)
  5 adders
  An ufetubus (D:4)
  2 worms
  A dart slug (D:3)
  3 orcs
  6 endoplasms
  2 giant cockroaches
  3 hobgoblins
  12 jackals
  A quokka (D:2)
  10 ball pythons
  9 bats
  2 frilled lizards
  4 goblins
  8 kobolds
  6 rats
88 creatures vanquished.

Vanquished Creatures (others)
  2 fungi (D:1)
2 creatures vanquished.

Grand Total: 90 creatures vanquished

Notes
Turn   | Place    | Note
-------+----------+-------------------------------------------
     0 | D:1      | funkygono the Gargoyle Fighter began the quest for the Orb.
     0 | D:1      | Reached XP level 1. HP: 14/14 MP: 1/1
   404 | D:1      | Reached XP level 2. HP: 19/19 MP: 2/2
  1005 | D:1      | Reached XP level 3. HP: 21/23 MP: 3/3
  1280 | D:1      | Found a faded altar of an unknown god.
  1494 | D:2      | Found Wojubete's Armour Shoppe.
  1497 | D:2      | Noticed Terence
  1514 | D:2      | Killed Terence
  1515 | D:2      | Reached XP level 4. HP: 8/28 MP: 4/4
  1809 | D:2      | Noticed Natasha
  1815 | D:2      | Killed Natasha
  1878 | D:2      | Reached XP level 5. HP: 33/33 MP: 5/5
  1938 | D:2      | Found a hide-covered altar of Uskayaw.
  2019 | D:2      | Reached skill level 1 in Throwing
  2020 | D:2      | Reached skill level 1 in Dodging
  2088 | D:2      | Found a runed translucent door.
  2089 | D:2      | Noticed Crazy Yiuf
  2094 | D:2      | Killed Crazy Yiuf
  2264 | D:2      | Noticed Natasha
  2274 | D:2      | Killed Natasha
  2692 | D:2      | Noticed Natasha
  2700 | D:2      | Killed Natasha
  2701 | D:2      | Reached XP level 6. HP: 27/38 MP: 6/6
  2847 | D:3      | Noticed Jessica
  2853 | D:3      | Killed Jessica
  3103 | D:3      | Noticed Sigmund
  3117 | D:3      | Killed Sigmund
  3367 | D:3      | Reached XP level 7. HP: 43/43 MP: 7/7
  3512 | D:4      | Found Kampazit's Jewellery Shoppe.
  3559 | D:4      | Noticed Edmund
  3570 | D:4      | Killed Edmund
  3571 | D:4      | Reached skill level 5 in Armour
  3742 | D:4      | Reached skill level 5 in Shields
  3818 | D:4      | Reached skill level 5 in Maces & Flails
  3825 | D:4      | Reached XP level 8. HP: 25/48 MP: 8/8
  3832 | D:4      | Slain by an orc warrior

Illustrated notes

Levels and vault maps discovered:
D:1:      dpeg_arrival_windows_large_door, layout_loops_cross,
          basic_ecumenical_altar, minmay_shallow_snake_nest
D:2:      wad_lake_hut, layout_basic, basic_altar, serial_shops,
          nicolae_shop_trees, corexii_corridor_pit, uniq_terence,
          uniq_crazy_yiuf_cottage, uniq_natasha
D:3:      layout_basic, nicolae_underground_beach, uniq_jessica, uniq_sigmund
D:4:      layout_basic, chequers_serial_rivers_large_a, minmay_crystal_room,
          minmay_shop_enchanted_jewellery, minmay_manual_maat, uniq_edmund

Skill      XL: |  1  2  3  4  5  6  7 |
---------------+----------------------+-----
Armour         | 4 5 |  5.3
Shields        | 4 5 |  5.2
Maces & Flails | 3 4 5 |  5.3
Throwing       | 1 2 |  2.6
Dodging        | 1 |  1.8
Fighting       | 4 |  4.3

Action                   |  1- 3 |  4- 6 |  7- 9 || total
-------------------------+-------+-------+-------++-------
Melee: Flail             |   124 |   154 |    39 ||   317
Throw: Stone             |    42 |    79 |    13 ||   134
  Use: Scroll            |     1 |     2 |       ||     3
Armor: Scale mail        |    68 |    97 |    22 ||   187
Dodge: Dodged            |    49 |    62 |    11 ||   122
Block: Kite shield       |    87 |    82 |    27 ||   196

Table legend: (Time is in decaauts)
 A = Elapsed time spent in this place.
 B = Non-inter-level travel time spent in this place.
 C = Inter-level travel time spent in this place.
 D = Time resting spent in this place.
 E = Time spent auto-exploring this place.
 F = Levels seen in this place.
 G = Mean time per level.
                   A        B        C        D        E       F      G
               +--------+--------+--------+--------+--------+-----+--------+
         Total |   4078 |   4026 |     52 |      0 |   3063 |   4 | 1019.5 |
       Dungeon |   4078 |   4026 |     52 |      0 |   3063 |   4 | 1019.5 |
               +--------+--------+--------+--------+--------+-----+--------+

Top non-repeatable levels by time:
     D:2: 1557 daAuts
     D:1: 1436 daAuts
     D:3: 704 daAuts
     D:4: 380 daAuts
